Map: Efflorescence LE

Players

OpuS - Winner!

  • Race: Protoss Protoss
  • League: Platinum
  • Spawn Location: 6:00

Sketchaphone - Winner!

  • Race: Zerg Zerg
  • League: Platinum
  • Spawn Location: 9:00

SentientMeat

  • Race: Terran Terran
  • League: Gold
  • Spawn Location: 12:00

bacon

  • Race: Protoss Protoss
  • League: Diamond
  • Spawn Location: 3:00

VOD

Have the link to the VOD?

Description

Time

  • Played on: Feb. 27, 2019, 9:05 p.m.
  • Length: 9:30
Show
View Real Time Build Order
Export as new Build Order

OpuS Protoss - Winner!

Build Orders:  

Get SALT Encoding   

  12  0:01  Probe  
  13  0:13  Probe  
  14  0:19  Pylon  
  14  0:25  Probe  
  15  0:37  Probe  
  15  0:40  Gateway  
  16  0:48  Probe  
  17  0:54  Assimilator  
  17  0:55  Assimilator  
  17  0:56  Probe  
  18  1:04  Probe  
  19  1:14  Gateway  
  19  1:18  Probe  
  20  1:36  Cybernetics Core  
  20  1:38  Probe  
  21  1:40  Pylon  
  21  1:50  Probe  
  22  2:02  Probe  
  23  2:13  Stalker  
  23  2:14  Stalker  
  23  2:15  Warp Gate  
  27  2:16  Probe  
  28  2:28  Probe  
  28  2:41  Pylon  
  28  2:43  Stalker  
  30  2:54  Twilight Council  
  30  2:58  Stalker  
  31  3:22  Nexus  
  31  3:24  Probe  
  32  3:30  Charge  
  32  3:37  Probe  
  32  3:39  Pylon  
  33  3:49  Stargate  
  33  3:52  Probe  
  34  4:04  Probe  
  35  4:31  Stalker x2  
  35  4:33  Oracle  
  35  4:37  Probe  
  35  4:38  Probe  
  44  4:59  Probe x2  
  46  5:07  Gateway  
  46  5:08  Gateway  
  46  5:09  Stalker x2  
  46  5:11  Probe x2  
  50  5:37  Probe x2  
  50  5:40  Void Ray  
  56  5:49  Probe x2  
  58  5:56  Dark Shrine  
  58  6:01  Probe x2  
  60  6:17  Zealot  
  62  6:23  Pylon  
  62  6:25  Pylon  
  62  6:26  Pylon  
  62  6:28  Pylon  
  62  6:40  Void Ray  
  62  6:41  Probe x2  
  62  6:42  Nexus  
  62  6:44  Gateway  
  62  6:47  Gateway  
  68  6:49  Gateway  
  68  6:50  Gateway  
  68  6:53  Probe  
  68  6:54  Probe  
  64  7:26  Void Ray  
  64  7:28  Blink  
  68  7:34  Probe x2  
  68  7:36  Assimilator  
  70  7:38  Assimilator  
  70  7:45  Forge  
  70  7:46  Probe  
  70  7:49  Forge  
  71  7:53  Probe  
  71  7:58  Probe  
  73  8:03  Zealot  
  73  8:04  Zealot x5  
  73  8:05  Zealot, Probe  
  88  8:07  Zealot  
  90  8:17  Pylon  
  90  8:19  Pylon  
  90  8:26  Templar Archives  
  90  8:28  Pylon  
  60  9:03  Gateway  
  60  9:05  Probe x3  
  63  9:14  Zealot x6  
  63  9:15  Zealot  
  75  9:17  Zealot  
Show
View Real Time Build Order
Export as new Build Order

Sketchaphone Zerg - Winner!

Build Orders: Hatch First, Swarm Host 

Get SALT Encoding   

  12  0:01  Drone  
  13  0:12  Overlord  
  13  0:18  Drone  
  13  0:21  Extractor  
  13  0:23  Drone  
  15  0:32  Drone  
  16  0:37  Drone  
  17  0:55  Drone  
  18  1:00  Hatchery  
  18  1:01  Drone  
  18  1:09  Extractor  
  17  1:23  Spawning Pool  
  16  1:26  Drone  
  16  1:27  Drone  
  18  1:45  Overlord, Drone  
  19  1:53  Drone  
  20  2:02  Drone  
  21  2:10  Lair  
  21  2:11  Queen  
  21  2:13  Drone  
  24  2:16  Drone  
  25  2:23  Drone  
  25  2:28  Drone  
  27  2:30  Spine Crawler  
  27  2:36  Roach Warren  
  26  2:40  Zergling x2  
  26  2:41  Drone  
  28  2:48  Drone x2, Extractor  
  29  3:03  Drone x2  
  31  3:08  Queen  
  33  3:14  Drone x2  
  33  3:16  Drone  
  36  3:24  Metabolic Boost  
  36  3:25  Glial Reconstitution  
  36  3:28  Overlord  
  36  3:46  Roach  
  36  3:47  Overlord  
  38  3:48  Overlord  
  38  3:50  Drone  
  38  3:51  Overlord  
  38  3:53  Roach x2  
  43  3:57  Drone  
  43  4:02  Overlord  
  44  4:16  Hatchery  
  43  4:22  Evolution Chamber  
  42  4:25  Hydralisk Den  
  41  4:37  Overlord  
  41  4:39  Roach x4  
  41  4:40  Roach  
  49  4:59  Roach x3  
  55  5:00  Overlord  
  55  5:01  Drone x2  
  57  5:20  Roach x4  
  66  5:21  Ravager x2  
  66  5:27  Drone x3  
  70  5:29  Queen  
  72  5:40  Grooved Spines  
  72  5:41  Drone x4  
  76  5:47  Extractor  
  76  5:49  Extractor  
  74  5:50  Zerg Missile Weapons Level 1  
  74  6:14  Evolution Chamber  
  73  6:19  Drone x11  
  84  6:34  Ravager  
  84  6:35  Ravager  
  84  6:38  Overlord x2  
  86  6:44  Zerg Ground Armor Level 1  
  86  6:45  Roach  
  86  6:46  Overlord, Roach  
  90  6:53  Infestation Pit  
  89  7:06  Hatchery  
  88  7:15  Ravager, Hydralisk x5  
  99  7:26  Drone x5  
  99  7:27  Drone x5  
  109  7:35  Overlord  
  109  7:36  Overlord x2  
  109  7:42  Muscular Augments  
  109  7:46  Drone x3, Extractor  
  109  7:47  Extractor  
  110  7:54  Overlord x2  
  110  7:57  Pneumatized Carapace  
  110  8:11  Burrow, Swarm Host x4  
  122  8:18  Drone x7  
  129  8:40  Overlord  
  129  8:43  Queen  
Show
View Real Time Build Order
Export as new Build Order

SentientMeat Terran 

Build Orders: Mech 

Get SALT Encoding   

  12  0:01  SCV  
  13  0:16  Supply Depot  
  13  0:24  SCV  
  14  0:37  SCV  
  14  0:42  Barracks  
  15  0:49  SCV  
  16  0:55  Refinery  
  16  1:01  SCV  
  17  1:13  SCV  
  18  1:25  SCV  
  19  1:31  Marine  
  20  1:39  Orbital Command  
  20  1:49  Marine  
  20  1:53  Command Center  
  21  2:02  Refinery  
  21  2:12  Marine  
  22  2:25  Engineering Bay  
  22  2:39  Factory  
  22  2:46  Supply Depot  
  22  2:54  SCV  
  22  2:57  Supply Depot  
  23  3:05  Barracks Tech Lab  
  23  3:09  Supply Depot  
  23  3:30  Bunker  
  23  3:32  Missile Turret  
  23  3:44  Missile Turret  
  23  3:47  SCV  
  24  3:55  Orbital Command  
  24  4:04  Marine  
  25  4:10  Missile Turret  
  25  4:13  Factory Tech Lab  
  25  4:46  Marine  
  25  4:59  SCV x2  
  27  5:04  Marine  
  28  5:11  SCV x2  
  30  5:21  Marine  
  30  5:24  Siege Tank  
  32  5:39  Marine  
  32  5:42  Supply Depot  
  33  5:45  Supply Depot  
  33  5:52  SCV x2  
  33  5:56  Siege Tank  
  38  5:57  Marine  
  38  6:04  SCV  
  38  6:08  Supply Depot  
  38  6:14  SCV  
  38  6:16  SCV  
  40  6:23  Command Center  
  40  6:27  SCV  
  40  6:28  Siege Tank, Missile Turret, SCV  
  40  6:29  Missile Turret  
  45  6:40  Factory  
  45  6:41  Factory  
  45  6:44  SCV x2  
  45  6:46  Armory  
  47  6:47  Armory  
  47  6:51  Refinery  
  47  6:52  Refinery  
  47  6:56  SCV  
  47  6:57  SCV  
  47  7:00  Siege Tank  
  52  7:08  Missile Turret  
  52  7:09  SCV x2  
  52  7:13  Missile Turret  
  54  7:21  SCV x2  
  55  7:30  Factory Reactor  
  55  7:31  Factory Reactor  
  55  7:32  Siege Tank  
  55  7:33  SCV x2  
  60  7:58  Missile Turret  
  60  8:00  Missile Turret  
  60  8:04  Missile Turret  
  60  8:10  Missile Turret  
  60  8:12  Missile Turret  
  60  8:13  Missile Turret  
  60  8:14  Missile Turret  
  60  8:19  Missile Turret  
  60  8:21  Missile Turret  
  60  8:22  Missile Turret, SCV x2  
  60  8:23  Missile Turret  
  60  8:25  Orbital Command  
  62  8:34  SCV x2  
  64  8:42  Hellbat x2  
  64  8:43  Hellbat x2  
  64  8:45  Thor  
  59  9:06  Hellbat x3  
  59  9:07  Hellbat  
Show
View Real Time Build Order
Export as new Build Order

bacon Protoss 

Build Orders: 1 Gate Expand 

Get SALT Encoding   

  12  0:01  Probe  
  13  0:13  Probe  
  14  0:23  Pylon  
  14  0:25  Probe  
  15  0:41  Probe, Gateway  
  16  0:49  Probe  
  16  0:51  Assimilator  
  17  1:00  Probe  
  18  1:11  Probe  
  19  1:23  Probe  
  20  1:31  Nexus  
  20  1:36  Assimilator  
  20  1:54  Cybernetics Core  
  20  1:58  Zealot  
  21  2:07  Probe  
  22  2:14  Gateway  
  22  2:19  Probe  
  23  2:30  Pylon  
  23  2:35  Stalker  
  23  2:41  Probe  
  26  2:45  Probe  
  26  2:49  Probe  
  27  2:56  Robotics Facility  
  28  3:04  Sentry  
  30  3:11  Stalker  
  30  3:12  Probe  
  32  3:14  Probe  
  34  3:20  Probe  
  34  3:22  Probe  
  36  3:28  Probe  
  36  3:32  Probe  
  37  3:37  Stalker  
  40  3:43  Observer  
  41  3:54  Stalker  
  41  4:03  Pylon  
  41  4:12  Forge  
  43  4:37  Pylon  
  43  4:45  Immortal  
  43  4:54  Protoss Ground Weapons Level 1  
  47  5:03  Cybernetics Core  
  47  5:05  Gateway  
  47  5:06  Gateway  
  45  5:37  Warp Gate  
  36  6:00  Photon Cannon  
  36  6:03  Photon Cannon  
  29  6:06  Photon Cannon  
  26  6:20  Probe x2  
  28  6:26  Pylon  
  28  6:27  Immortal  
  28  6:28  Probe x2  
  28  6:29  Assimilator  
  28  6:31  Assimilator  
  34  6:37  Probe  
  34  6:38  Probe  
  34  6:46  Photon Cannon  
  36  6:51  Photon Cannon  
  36  6:55  Shield Battery  
  36  7:04  Stargate  
  34  7:16  Pylon  
  33  7:24  Probe  
  33  7:28  Probe  
  35  7:33  Probe  
  35  7:36  Stargate  
  36  7:40  Probe  
  36  7:42  Probe  
  36  7:44  Phoenix  
  40  7:53  Probe  
  40  7:54  Probe  
  42  8:05  Probe, Phoenix  
  43  8:07  Probe  
  46  8:13  Pylon  
  46  8:14  Pylon  
  46  8:17  Probe  
  46  8:19  Stalker, Probe  
  50  8:20  Stalker  
  52  8:29  Probe  
  52  8:31  Probe  
  54  8:41  Probe  
  55  8:42  Phoenix  
Tags
 
Add a new tag
Caveats
  • Supply blocks, unpowered buildings, or Contaminate may cause inaccurate times.
  • Supply counts are checked every 10 seconds.